 Dungeon Crawl Stone Soup version 0.20-a0-1114-g33edf32 (webtiles) character file.

12258 grindst0ne the Fighter (level 11, -2/165 HPs)
             Began as a Green Draconian Berserker on May 6, 2017.
             Was a High Priest of Trog.
             Slain by a salamander
             ... wielding a +1 spear
              (6 damage)
             ... in a volcano.
             The game lasted 00:34:24 (11813 turns).

grindst0ne the Fighter (Green Draconian Berserker) Turns: 11813, Time: 00:34:25

Health: -2/165     AC: 25    Str: 21    XL:     11   Next: 60%
Magic:  20/20      EV:  2    Int:  5    God:    Trog [*****.]
Gold:   297        SH:  0    Dex: 13    Spells: 10/10 levels left

rFire    + . .     SeeInvis .   J - +7 great mace (crush)
rCold    + . .     Gourm    .   (shield currently unavailable)
rNeg     + + +     Faith    .   (armour unavailable)
rPois    +         Spirit   .   (helmet currently unavailable)
rElec    +         Reflect  .   (cloak currently unavailable)
rCorr    +         Harm     .   (gloves currently unavailable)
MR       .....     NoTele   +   (boots currently unavailable)
Stlth    +.........             l - amulet of regeneration
Regen    0.8/turn               F - ring of wizardry
MPRegen  0.2/turn               t - ring of magical power

@: tree-form, resistant
A: (breathe noxious fumes), unfitting armour, dopey 1, MP-powered wands, AC +7
a: Berserk, Trog's Hand, Brothers in Arms, Burn Spellbooks, Renounce Religion


You were in a volcano.
You worshipped Trog.
Trog was extremely pleased with you.
You were very hungry.
You were a tree.
You visited 2 branches of the dungeon, and saw 11 of its levels.
You also visited: Volcano.

You collected 462 gold pieces.
You spent 165 gold pieces at shops.

Inventory:

Hand Weapons
 a - a +1 mace
 u - a +0 flail
 x - a +2 whip of electrocution
 J - a +7 great mace of crushing (weapon)
Missiles
 A - 4 tomahawks (quivered)
Armour
 j - a +0 cloak (melded)
 q - a +3 shield of reflection
 C - a +0 pair of boots (melded)
 D - a +0 pair of gloves (melded)
 I - the +3 hat of Pondering (melded) {ponderous, MR+ MP+10 Int+5}
   (You took it off Gastronok on level 1 of the Lair of Beasts)

   It affects your intelligence (+5).
   It affects your resistance to hostile enchantments.
   It affects your magic capacity (+10).
Magical Staves
 B - an uncursed staff of poison
Jewellery
 k - an uncursed amulet of the gourmand
 l - an amulet of regeneration (around neck)
 t - a ring of magical power (right branch)
 y - a -2 ring of evasion
 F - a ring of wizardry (left branch)
Wands
 i - a wand of paralysis (14/24)
 z - a wand of polymorph (11/24)
 E - a wand of acid (6/15)
Scrolls
 c - 9 scrolls of identify
 g - 2 scrolls of remove curse
 m - a scroll of recharging
 n - 3 scrolls of enchant armour
 p - 2 scrolls of teleportation
 v - 4 scrolls of random uselessness
Potions
 e - a potion of magic
 o - 5 potions of flight
 s - 2 potions of curing
 w - 2 potions of haste
Comestibles
 b - 9 bread rations
 d - 2 chunks of flesh
 f - 5 meat rations
 h - 5 royal jellies
 G - 13 fruits


   Skills:
 + Level 14.1 Fighting
 + Level 13.2 Maces & Flails
 - Level 2.6 Dodging


You had 10 spell levels left.
You didn't know any spells.

Dungeon Overview and Level Annotations

Branches:
Dungeon (9/15)             Temple (0/1) D:6            Lair (2/6) D:8
  Swamp: Lair:2-4    Shoals: Lair:2-4     Snake: Lair:2-4    Spider: Lair:2-4
    Orc: D:9-12

Altars:
Elyvilon
Kikubaaqudgha
Nemelex Xobeh
Wu Jian
Xom

Shops:
D:4 [

Annotations:
D:5 1 runed door
Abyss:1 Sonja


Innate Abilities, Weirdness & Mutations

((You can breathe blasts of noxious fumes.))
((Your lurid green scales are hard. (AC +7)))
You cannot fit into any form of body armour.
((Your system is resistant to poisons. (rPois)))
((You are cold-blooded and may be slowed by cold attacks.))
((Your flesh is cold resistant. (rC+)))
You are dopey. (Int -2)
((Your flesh is heat resistant. (rF+)))
You expend magic power (3 MP) to strengthen your wands.


Message History

* * * LOW HITPOINT WARNING * * *
The salamander hits you but does no damage.
Okay, then.
Wield which item (- for none, * to show all)? (? for menu, Esc to quit)
Okay, then.
You feel better.
The salamander hits you from afar with an enchanted spear.
* * * LOW HITPOINT WARNING * * *
You are engulfed in flames.
You resist.
* * * LOW HITPOINT WARNING * * *
The salamander barely misses you.
Your deep troll goes berserk!
You are starving!
The salamander hits you but does no damage. x3
Eat one of 3 chunks of flesh? (ye/n/q)
You eat one of the 3 chunks of flesh.
This raw flesh tastes terrible.
You are feeling very hungry.
The salamander hits you but does no damage.
The salamander hits you from afar with an enchanted spear.
You die...

## #. ##.# #[[
..∩# #... ##
.!! ..##.###.#
.#####....# .
...#....N####..
..###..∩∩....#
##T♣.N..##
##))N##...
#...#.#.# ##
#N..# .#...
#.$(. .# .$$∩
..∩## .. ##..
## !. #. .## ##


You could see 3 salamanders and a friendly deep troll (berserk).

Vanquished Creatures
  Gastronok (Lair:1)
  A two-headed ogre (D:8)
  Nergalle (Lair:2)
  Pikel (D:7)
  2 salamanders (Volcano)
  2 spiny frogs
  A komodo dragon (Lair:2)
  Prince Ribbit (D:8)
  Grinder (D:5)
  3 hippogriffs
  A spriggan (D:8)
  8 yaks
  3 fire bats (Lair:2)
  A hungry ghost (D:8)
  A soldier ant (D:5)
  A porcupine (Lair:1)
  2 water moccasins
  An orc warrior (D:8)
  A phantom (D:6)
  A sky beast (D:6)
  An ice beast (D:8)
  6 ogres
  2 necrophages
  A centaur (D:5)
  3 crocodiles
  8 bullfrogs
  The ghost of Voxish the Charlatan, an amateur SpAr (D:3)
  A gnoll sergeant (D:7)
  4 scorpions
  4 wights (D:8)
  2 electric eels (Lair:1)
  5 howler monkeys
  A crimson imp (D:6)
  2 jellies
  A centaur skeleton (D:6)
  5 orc priests
  2 bullfrog skeletons
  4 hounds
  2 orc wizards
  5 iguanas
  17 worker ants
  A hound zombie (D:5)
  2 hound skeletons
  A worker ant zombie (D:6)
  Robin (D:4)
  13 adders
  8 gnolls
  A howler monkey skeleton (D:4)
  A shadow imp (D:7)
  2 oozes (D:2)
  An adder zombie (D:6)
  An adder skeleton (D:7)
  3 worms
  4 dart slugs
  6 leopard geckos
  22 orcs
  A ball python (D:6)
  5 giant cockroaches
  14 goblins
  7 hobgoblins
  4 jackals (D:2)
  4 kobolds
  5 quokkas
  10 bats
  9 frilled lizards
  A leopard gecko skeleton (D:4)
  3 rats (D:3)
  2 butterflies
243 creatures vanquished.

Vanquished Creatures (collateral kills)
  A worker ant (D:5)
1 creature vanquished.

Vanquished Creatures (others)
  3 slaves (D:7)
  2 gnolls (D:7)
  An orc (D:5)
  3 fungi
  A plant (Lair:1)
10 creatures vanquished.

Grand Total: 254 creatures vanquished

Notes
Turn   | Place    | Note
-------+----------+-------------------------------------------
     0 | D:1      | grindst0ne the Draconian Berserker began the quest for the Orb.
     0 | D:1      | Reached XP level 1. HP: 19/19 MP: 1/1
    30 | D:1      | You fall through a shaft!
   212 | D:2      | Reached XP level 2. HP: 27/27 MP: 2/2
   460 | D:2      | Reached skill level 4 in Fighting
   464 | D:2      | Reached XP level 3. HP: 23/33 MP: 3/3
   666 | D:2      | Found a sparkling altar of Nemelex Xobeh.
   666 | D:2      | Found an ornate altar of the Wu Jian Council.
  1183 | D:1      | Reached ** piety under Trog
  1620 | D:1      | Reached XP level 4. HP: 41/41 MP: 4/4
  2487 | D:3      | Noticed Voxish's ghost (amateur SpAr)
  2933 | D:3      | Found a shimmering altar of Xom.
  3073 | D:3      | Killed Voxish's ghost
  3073 | D:3      | Reached skill level 5 in Fighting
  3073 | D:3      | Reached XP level 5. HP: 44/48 MP: 5/5
  3452 | D:3      | Reached skill level 5 in Maces & Flails
  3799 | D:3      | Reached XP level 6. HP: 43/57 MP: 6/6
  4192 | D:3      | Reached skill level 6 in Fighting
  4577 | D:4      | Reached *** piety under Trog
  4712 | D:4      | Your scales start taking on a lurid green colour.
  4712 | D:4      | Reached XP level 7. HP: 34/64 MP: 7/7
  4712 | D:4      | Gained mutation: Your system is resistant to poisons. (rPois) [Green Draconian growth]
  4755 | D:4      | Noticed Robin
  4998 | D:3      | Gained mutation: You evolve. [potion of mutation]
  4998 | D:3      | Gained mutation: Scrolls take you a little longer to read. [potion of mutation]
  4998 | D:3      | Gained mutation: You have a pair of small antennae on your head. [potion of mutation]
  4998 | D:3      | Gained mutation: Your tail ends in a poisonous barb. [potion of mutation]
  5040 | D:4      | Killed Robin
  5343 | D:4      | Reached skill level 7 in Fighting
  5434 | D:4      | Found Ceublut's Antique Armour Emporium.
  5452 | D:4      | Bought a shiny shield for 165 gold pieces
  5710 | D:5      | Entered Level 5 of the Dungeon
  5755 | D:5      | Noticed Grinder
  5757 | D:5      | Paralysed by Grinder for 7 turns
  5771 | D:5      | Killed Grinder
  5859 | D:5      | Reached XP level 8. HP: 74/74 MP: 8/8
  5901 | D:5      | Reached skill level 8 in Fighting
  6067 | D:5      | Lost mutation: Your tail ends in a poisonous barb. [potion of mutation]
  6067 | D:5      | Lost mutation: You evolve. [potion of mutation]
  6067 | D:5      | Lost mutation: Scrolls take you a little longer to read. [potion of mutation]
  6067 | D:5      | Lost mutation: You have a pair of small antennae on your head. [potion of mutation]
  6067 | D:5      | Gained mutation: Your flesh is cold resistant. (rC+) [potion of mutation]
  6067 | D:5      | Gained mutation: You expend magic power (3 MP) to strengthen your wands. [potion of mutation]
  6067 | D:5      | Gained mutation: You are dopey. (Int -2) [potion of mutation]
  6067 | D:5      | Gained mutation: Your flesh is heat resistant. (rF+) [potion of mutation]
  6379 | D:5      | Found an ancient bone altar of Kikubaaqudgha.
  6521 | D:5      | Found a runed door.
  6540 | D:5      | Found a runed door.
  6560 | D:5      | Reached skill level 9 in Fighting
  6577 | D:5      | Reached **** piety under Trog
  6843 | D:6      | Reached XP level 9. HP: 31/83 MP: 9/9
  7410 | D:6      | Reached skill level 10 in Fighting
  7931 | D:6      | Found a staircase to the Ecumenical Temple.
  8506 | D:7      | Noticed Pikel
  8539 | D:7      | Killed Pikel
  8539 | D:7      | Reached skill level 10 in Maces & Flails
  9119 | D:7      | Reached skill level 11 in Fighting
  9335 | D:8      | Found a staircase to the Lair.
  9376 | D:8      | Reached XP level 10. HP: 34/96 MP: 10/10
  9641 | D:8      | Noticed a two-headed ogre
  9648 | D:8      | Killed a two-headed ogre
  9667 | D:8      | Found a white marble altar of Elyvilon.
  9673 | D:8      | Noticed Prince Ribbit
  9684 | D:8      | Killed Prince Ribbit
  9684 | D:8      | Reached skill level 12 in Fighting
  9856 | D:8      | Reached ***** piety under Trog
 10209 | Lair:1   | Entered Level 1 of the Lair of Beasts
 10234 | Lair:1   | Noticed Sonja
 10250 | Lair:1   | Banished Sonja
 10531 | Lair:1   | Noticed Gastronok
 10995 | Lair:1   | Killed Gastronok
 10995 | Lair:1   | Received a gift from Trog
 10995 | Lair:1   | Reached skill level 13 in Fighting
 10995 | Lair:1   | Reached XP level 11. HP: 107/107 MP: 11/11
 11659 | Lair:2   | Noticed Nergalle
 11672 | Lair:2   | Killed Nergalle
 11763 | Lair:2   | Found a dark tunnel.
 11773 | Lair:2   | Reached skill level 14 in Fighting
 11783 | Volcano  | Entered a volcano
 11810 | Volcano  | HP: 5/165 [salamander/enchanted spear (7)]
 11811 | Volcano  | HP: 2/165 [salamander/enchanted spear (6)]
 11813 | Volcano  | Slain by a salamander

Vault maps used:
D:1:      kennysheep_arrival_seaside
D:2:      gammafunk_temple_overflow_elements
D:3:      marbit_many_paths
D:4:      minmay_diamond_boxcup, serial_shops, nicolae_shop_overgrown_old_shop,
          first_bread, uniq_robin
D:5:      lemuel_insect_pit, kiku_gazebo_garden_becter, uniq_grinder
D:6:      minmay_temple_entry_butterflies
D:7:      uniq_pikel
D:8:      overflow_temple_1_default, david_lair_generic, the_bakery,
          nicolae_zen_rock_garden, uniq_prince_ribbit1
D:9:      minmay_statue_hallways, serial_shops, shop, special_room, uniq_joseph
Lair:1:   serial_bayou_shore_a, uniq_sonja, uniq_gastronok
Lair:2:   nicolae_volcano_entry_batcave, lemuel_fruit_tree, uniq_nergalle
Volcano:  volcano_caves

Skill      XL: |  1  2  3  4  5  6  7  8  9 10 11 |
---------------+----------------------------------+-----
Fighting       | 4 5 6 7 9 11 13 14 | 14.1
Maces & Flails | 4 5 6 7 9 10 12 13 | 13.2
Dodging        | |  2.6

Action                   |  1- 3 |  4- 6 |  7- 9 | 10-12 || total
-------------------------+-------+-------+-------+-------++-------
Melee: Mace              |    95 |   242 |   316 |       ||   653
       Tailslap          |     8 |    26 |    55 |    25 ||   114
       Whip              |       |       |    80 |   132 ||   212
       Great mace        |       |       |       |    70 ||    70
Invok: Berserk           |       |     3 |    10 |     3 ||    16
       Brothers in Arms  |       |       |       |     1 ||     1
 Abil: Breathe Noxious F |       |       |    11 |     5 ||    16
Evoke: Wand              |       |       |       |     1 ||     1
  Use: Scroll            |       |       |    13 |     6 ||    19
       Potion            |       |       |     6 |     3 ||     9
 Stab: Sleeping          |     1 |       |     1 |       ||     2
       Confused          |       |       |     4 |     2 ||     6
       Distracted        |       |       |     1 |       ||     1
       Paralysed         |       |       |       |     3 ||     3
  Eat: Chunk             |     2 |     9 |    19 |    13 ||    43
       Meat ration       |       |     1 |     1 |       ||     2
Armor: Skin              |    32 |   109 |   101 |    78 ||   320
Dodge: Dodged            |    57 |   219 |   169 |    70 ||   515
Block: Shield            |       |       |   170 |    43 ||   213
       Reflection        |       |       |     3 |     3 ||     6
